 Dungeon Crawl Stone Soup version 0.21.1-1-g345015f (webtiles) character file.

122 t7DKbSm the Chopper (level 4, -13/41 HPs)
             Began as a Minotaur Berserker on May 25, 2018.
             Was a Believer of Trog.
             Killed by divine providence
             ... invoked by an orc priest
              (15 damage)
             ... on level 2 of the Dungeon.
             The game lasted 00:06:19 (1369 turns).

t7DKbSm the Chopper (Minotaur Berserker)            Turns: 1369, Time: 00:06:20

Health: -13/41     AC:  2    Str: 22    XL:     4   Next: 78%
Magic:  3/3        EV: 12    Int:  4    God:    Trog [**....]
Gold:   66         SH:  0    Dex: 10    Spells: 3/3 levels left

rFire    . . .     SeeInvis +   a - +0 hand axe
rCold    . . .     Gourm    .   (no shield)
rNeg     . . .     Faith    .   b - +0 animal skin
rPois    .         Spirit   .   (helmet restricted)
rElec    .         Reflect  +   (no cloak)
rCorr    .         Harm     .   (no gloves)
MR       .....                  (no boots)
Stlth    +.........             l - +5 amulet of reflection
HPRegen  0.13/turn              m - ring of see invisible
MPRegen  0.08/turn              q - ring of see invisible

@: confused
A: retaliatory headbutt, horns 2
a: Berserk, Trog's Hand, Burn Spellbooks, Renounce Religion


You were on level 2 of the Dungeon.
You worshipped Trog.
Trog was pleased with you.
You were hungry.

You visited 1 branch of the dungeon, and saw 2 of its levels.

You collected 66 gold pieces.

Inventory:

Hand Weapons
 a - a +0 hand axe (weapon)
Armour
 b - a +0 animal skin (worn)
Jewellery
 l - a +5 amulet of reflection (around neck)
 m - a ring of see invisible (left hand)
 q - a ring of see invisible (right hand)
Scrolls
 e - 4 scrolls of remove curse
 g - a scroll of teleportation {unknown}
 i - 2 scrolls of fog {unknown}
 j - a scroll of magic mapping {unknown}
 k - 2 scrolls of identify
 p - a scroll of noise {unknown}
 r - a scroll of amnesia {unknown}
 s - a scroll of enchant armour {unknown}
Potions
 d - 5 potions of curing {unknown}
 f - a potion of resistance {unknown}
 h - 2 potions of cancellation
 n - a potion of agility {unknown}
 o - a potion of flight {unknown}
Comestibles
 c - 5 rations


   Skills:
 + Level 4.7 Fighting
 + Level 5.5 Axes
 + Level 2.6 Armour
 + Level 2.8 Dodging
 + Level 0.2 Stealth


You had 3 spell levels left.
You didn't know any spells.

Dungeon Overview and Level Annotations

Branches:
Dungeon (2/15)

Altars:


Innate Abilities, Weirdness & Mutations

You reflexively headbutt those who attack you in melee.
You have a pair of horns on your head.


Message History

You bump into the stone wall.
The orc wizard closely misses you.
You're too confused!
Unknown command.
You bump into the stone wall.
The orc wizard points at you and mumbles some strange words.
You are more confused.
You bump into the rock wall.
The orc wizard misses you.
You bump into the stone wall.
The orc wizard hits you with a dagger.
* * * LOW HITPOINT WARNING * * *
The orc wizard casts a spell.
The orc wizard blinks!
You bump into the rock wall.
The orc wizard hits you but does no damage.
You hit the orc wizard.
You kill the orc wizard!
Trog accepts your kill.
Trog appreciates your killing of a magic user.
The orc priest calls down the wrath of Beogh upon you.
Beogh smites you!
You die...

.............# ##...#
.##.#######.## #.#.#
............# #...## #
...########## ##...#.# ...##
###...#.# ....# #.......#
###.#### #.##..###
#......############## #.###..###
#......##.......@)o)# #.# #.....
#......#..#########)####.# ##.###
#......#.###.........^.#.# #..#
###.####.##..8...8.....#.# #..##
.........#$...........o#.####...#
......#..#⌠.................)..>#
......##.#$............#....###.#
......##.##..8...8..).........#.#
###....#.###...........#...#....#


You could see an orc priest.

Vanquished Creatures
  An orc priest (D:2)
  An orc wizard (D:2)
  2 worms (D:2)
  5 dart slugs
  8 leopard geckos
  3 orcs (D:2)
  3 goblins (D:1)
  8 hobgoblins
  3 jackals (D:2)
  2 quokkas (D:2)
  5 bats
  3 frilled lizards
  6 kobolds
  4 rats
54 creatures vanquished.

Notes
Turn   | Place    | Note
-------+----------+-------------------------------------------
     0 | D:1      | t7DKbSm the Minotaur Berserker began the quest for the Orb.
     0 | D:1      | Reached XP level 1. HP: 19/19 MP: 0/0
    63 | D:1      | Reached XP level 2. HP: 15/27 MP: 1/1
    72 | D:1      | Reached skill level 4 in Axes
   328 | D:1      | Reached XP level 3. HP: 31/33 MP: 2/2
   409 | D:1      | Reached ** piety under Trog
  1038 | D:2      | Reached XP level 4. HP: 22/41 MP: 3/3
  1171 | D:2      | Reached skill level 5 in Axes
  1358 | D:2      | HP: 1/41 [orc priest/morningstar (10)]
  1367 | D:2      | HP: 1/41 [orc wizard/dagger (1)]
  1369 | D:2      | Killed from afar by an orc priest

Skill      XL: |  1  2  3  4 |
---------------+-------------+-----
Axes           | 4 5 |  5.5
Fighting       | 4 |  4.7
Armour         | |  2.6
Dodging        | |  2.8
Stealth        | |  0.2

Action                   |  1- 3 |  4- 6 || total
-------------------------+-------+-------++-------
Melee: Hand axe          |    79 |    34 ||   113
       Headbutt          |    14 |     9 ||    23
  Use: Scroll            |     1 |     1 ||     2
       Potion            |     1 |       ||     1
 Stab: Sleeping          |     1 |       ||     1
  Eat: Chunk             |       |     1 ||     1
Armor: Animal skin       |    10 |     1 ||    11
Dodge: Dodged            |    46 |    26 ||    72
Block: Other             |     4 |     7 ||    11
